 Dungeon Crawl Stone Soup version 0.30-a0-339-g89bb51ec76 (webtiles) character file.

Game seed: 869603458438396399

1239 p00ps00p the Fighter (level 8, -3/80 HPs)
             Began as a Hill Orc Fighter on Nov 1, 2022.
             Slain by a steam dragon (4 damage)
             ... on level 6 of the Dungeon.
             The game lasted 00:08:40 (3432 turns).

p00ps00p the Fighter (Hill Orc Fighter)             Turns: 3432, Time: 00:08:40

Health: -3/80      AC:  8    Str: 29    XL:     8   Next: 49%
Magic:  8/8        EV:  8    Int:  8    God:
Gold:   345        SH: 16    Dex: 20    Spells: 7/7 levels left

rFire   . . .      SeeInvis .    l - +7 broad axe of Dickat {flame, Dex+6}
rCold   . . .      Faith    .    p - +5 kite shield of Parts Unknown {rElec rCorr Str+4 Dex+2}
rNeg    . . .      Spirit   .    b - +0 scale mail
rPois   .          Reflect  .    i - +0 helmet
rElec   +          Harm     .    (no cloak)
rCorr   +          Rampage  .    (no gloves)
Will    .....                    (no boots)
Stlth   ..........               x - amulet of regeneration
HPRegen 1.13/turn                u - +6 ring of strength
MPRegen 0.11/turn                (no ring)

@: mighty
A: no striking features
a: no special abilities


You were on level 6 of the Dungeon.
You visited 1 branch of the dungeon, and saw 6 of its levels.

You collected 345 gold pieces.

Inventory:

Hand Weapons
 k - the +6 war axe "Eprep" {vorpal, Dex+2}
   (You found it on level 2 of the Dungeon)

   It inflicts extra damage upon your enemies.
   Dex:       It affects your dexterity (+2).
 l - the +7 broad axe of Dickat (weapon) {flame, Dex+6}
   (You acquired it on level 3 of the Dungeon)

   It burns those it strikes, dealing additional fire damage.
   Big, fiery blades are also staple armaments of hydra-hunters.
   Dex:       It affects your dexterity (+6).
Missiles
 g - 13 poisoned darts (quivered)
 h - 58 stones
Armour
 b - a +0 scale mail (worn)
 i - a +0 helmet (worn)
 p - the +5 kite shield of Parts Unknown (worn) {rElec rCorr Str+4 Dex+2}
   (You acquired it on level 3 of the Dungeon)

   Str:       It affects your strength (+4).
   Dex:       It affects your dexterity (+2).
   rElec:     It insulates you from electricity.
   rCorr:     It protects you from acid and corrosion.
Jewellery
 u - a +6 ring of strength (left hand)
 x - an amulet of regeneration (around neck)
 y - an amulet of guardian spirit
Scrolls
 e - 6 scrolls of vulnerability
 n - 5 scrolls of identify {unknown}
 o - a scroll of amnesia {unknown}
 q - a scroll of noise {unknown}
 r - a scroll of enchant armour {unknown}
 t - a scroll of poison {unknown}
 v - 2 scrolls of magic mapping {unknown}
Potions
 a - a potion of heal wounds {unknown}
 d - a potion of might
 f - a potion of attraction {unknown}
 j - 2 potions of flight {unknown}
 m - 4 potions of brilliance {unknown}
 s - a potion of berserk rage {unknown}
 w - a potion of curing {unknown}


   Skills:
 + Level 10.3 Fighting
 - Level 5.0 Axes
 - Level 5.0 Armour
 - Level 5.0 Shields


You had 7 spell levels left.
You didn't know any spells.
Your spell library contained the following spells:

 Spells                   Type           Power      Damage    Failure   Level
 Apportation              Tloc           0%         N/A       94%         1
 Alistair's Intoxication  Tmut/Pois      0%         N/A       100%        5
 Freezing Cloud           Conj/Ice/Air   0%         6-21      100%        5
 Simulacrum               Ice/Necr       0%         N/A       100%        6
 Polar Vortex             Ice            0%         N/A       100%        9


Dungeon Overview and Level Annotations

Branches:
Dungeon (6/15)
 Temple: D:4-7

Altars:
Trog

Portals:
Abyss: D:3

Annotations:
D:3 2 transporters, eyols's ghost, amateur NaMo


Message History

You block the steam dragon's attack.
The steam dragon claws you but does no damage.
You slash the steam dragon! You burn the steam dragon.
The steam dragon is moderately wounded.
The steam dragon breathes steam at you. The ball of steam hits you!
You block the steam dragon's attack. The steam dragon closely misses you.
You hear a shout! x3
You hit the steam dragon. You burn the steam dragon.
The steam dragon is heavily wounded.
You are engulfed in a cloud of scalding steam.
The steam dragon bites you. The steam dragon barely misses you.
You hit the steam dragon but do no damage.
The steam dragon is heavily wounded.
You block the steam dragon's attack. x2
The steam dragon breathes steam at you. The ball of steam hits you!
You hear a shout!
You closely miss the steam dragon.
The steam dragon is heavily wounded.
You block the steam dragon's attack. x2
You hit the steam dragon. You burn the steam dragon.
The steam dragon is severely wounded.
You are engulfed in a cloud of scalding steam.
* * * LOW HITPOINT WARNING * * *
The steam dragon bites you.
* * * LOW HITPOINT WARNING * * *
You block the steam dragon's attack.
The steam dragon bites you but does no damage.
You block the steam dragon's attack. You block the steam dragon's attack. x2
You feel very mighty all of a sudden. The steam dragon breathes steam at you.
The ball of steam hits you!
* * * LOW HITPOINT WARNING * * *
You hear a shout!
The steam dragon bites you.
* * * LOW HITPOINT WARNING * * *
The steam dragon claws you.
You die...

#..###..# ##..............#
####...##....#####............
#....#.#####...#...........##.
#....#.# ###...##.......## .
#....#.#####...............
#..........§...#...........#
#...........§.§.............
#....####....§§§§..... #....#
#....@D#...... #....#
#>.....##..... #....#
#...###..###... #....#...###
##..# ## .......## #.# ## .#
.. ..


You could see a steam dragon (catching breath).

Vanquished Creatures
  An orc warrior (D:5)
  An ice beast (D:5)
  2 ogres (D:4)
  A black bear (D:5)
  A scorpion (D:5)
  2 necrophages
  A howler monkey (D:5)
  2 orc priests (D:4)
  3 hounds
  An iguana (D:5)
  6 orc wizards
  3 adders
  10 gnolls
  A shadow imp (D:5)
  An ufetubus (D:5)
  A worm (D:3)
  A dart slug (D:2)
  18 orcs
  11 ball pythons
  4 bats
  5 endoplasms
  7 giant cockroaches
  4 goblins
  7 hobgoblins
  7 jackals
  9 kobolds
  5 quokkas
  A frilled lizard (D:2)
  9 rats
125 creatures vanquished.

Vanquished Creatures (others)
  A fungus (D:2)
  5 toadstools (D:2)
6 creatures vanquished.

Grand Total: 131 creatures vanquished

Notes
Turn   | Place    | Note
-------+----------+-------------------------------------------
     0 | D:1      | p00ps00p the Hill Orc Fighter began the quest for the Orb.
     0 | D:1      | Reached XP level 1. HP: 19/19 MP: 1/1
   130 | D:1      | Reached XP level 2. HP: 27/27 MP: 2/2
   428 | D:1      | Reached skill level 4 in Fighting
   487 | D:1      | Reached XP level 3. HP: 33/33 MP: 3/3
  1222 | D:2      | Reached XP level 4. HP: 34/40 MP: 4/4
  1228 | D:2      | Identified the +6 war axe "Eprep" {vorpal, Dex+2}
  1601 | D:3      | Noticed an ancient zyme
  1632 | D:3      | Found a bloodstained altar of Trog.
  1696 | D:3      | Noticed a small abomination
  1700 | D:3      | Reached XP level 5. HP: 39/47 MP: 5/5
  1714 | D:3      | Noticed a small abomination
  1727 | D:3      | Found a transporter.
  1731 | D:3      | Found a transporter.
  1925 | D:3      | Found a one-way gate to the infinite horrors of the Abyss.
  1934 | D:3      | Noticed eyols's ghost (amateur NaMo)
  1966 | D:3      | Identified 2 scrolls of acquirement
  1966 | D:3      | Acquired the +5 kite shield of Parts Unknown {rElec rCorr
                  | Str+4 Dex+2}
  1970 | D:3      | Acquired the +7 broad axe of Dickat {flame, Dex+6}
  2055 | D:4      | Noticed an ogre
  2059 | D:4      | Killed an ogre
  2060 | D:4      | Reached skill level 5 in Fighting
  2060 | D:4      | Reached XP level 6. HP: 55/56 MP: 6/6
  2254 | D:4      | Reached skill level 5 in Axes
  2254 | D:4      | Reached skill level 5 in Armour
  2254 | D:4      | Reached skill level 5 in Shields
  2256 | D:4      | Reached XP level 7. HP: 31/62 MP: 7/7
  2415 | D:4      | Reached skill level 6 in Fighting
  2568 | D:5      | Entered Level 5 of the Dungeon
  2745 | D:5      | Reached skill level 7 in Fighting
  2851 | D:5      | Reached skill level 8 in Fighting
  2884 | D:5      | Reached skill level 9 in Fighting
  2884 | D:5      | Reached XP level 8. HP: 69/78 MP: 8/8
  3375 | D:6      | Reached skill level 10 in Fighting
  3431 | D:6      | HP: 4/80 [steam dragon/ball of steam (13)]
  3432 | D:6      | HP: 1/80 [steam dragon (4)]
  3432 | D:6      | Slain by a steam dragon

Illustrated notes

Levels and vault maps discovered:
D:1:      zelgadis_glass_arrival_small, layout_loops_ring, st_stairs_14,
          nrook_loot_triangle, minmay_misc_feat_ornament, minmay_pentomino_p4
D:2:      layout_loops_ring, chequers_jeans, minmay_gold_behind_fungi
D:3:      layout_rooms, mainiacjoe_overflow_alcove_2,
          gammafunk_ghost_abyssal_escape, nicolae_elevator_lobby_plus
D:4:      layout_basic
D:5:      layout_loops_ring
D:6:      layout_rooms, minmay_temple_entry_junction, serial_shops, shop_statue

Skill      XL: |  1  2  3  4  5  6  7  8 |
---------------+-------------------------+-----
Axes           | 3 4 5 |  5.0
Fighting       | 4 5 9 10 | 10.3
Shields        | 4 5 |  5.0
Armour         | 4 5 |  5.0

Action                   |  1- 3 |  4- 6 |  7- 9 || total
-------------------------+-------+-------+-------++-------
Melee: War axe           |   118 |    41 |       ||   159
       Broad axe         |       |    19 |    75 ||    94
  Use: Scroll            |     6 |     3 |       ||     9
       Potion            |       |       |     1 ||     1
Armor: Scale mail        |    54 |    23 |    17 ||    94
Dodge: Dodged            |    65 |    19 |    13 ||    97
Block: Buckler           |    37 |    10 |       ||    47
       Kite shield       |       |    13 |    67 ||    80

Table legend: (Time is in decaauts)
 A = Elapsed time spent in this place.
 B = Non-inter-level travel time spent in this place.
 C = Inter-level travel time spent in this place.
 D = Time resting spent in this place.
 E = Time spent auto-exploring this place.
 F = Levels seen in this place.
 G = Mean time per level.
                   A        B        C        D        E       F      G
               +--------+--------+--------+--------+--------+-----+--------+
         Total |   3537 |   3444 |     93 |    216 |   2273 |   6 |  589.5 |
       Dungeon |   3537 |   3444 |     93 |    216 |   2273 |   6 |  589.5 |
               +--------+--------+--------+--------+--------+-----+--------+

Top non-repeatable levels by time:
     D:1: 837 daAuts
     D:5: 792 daAuts
     D:2: 780 daAuts
     D:4: 569 daAuts
     D:3: 455 daAuts
     D:6: 102 daAuts
